 Dungeon Crawl Stone Soup version 0.17.0-26-gececa24 (webtiles) character file.

164 inmateoo the Slasher (level 5, -2/41 HPs)
             Began as a Mummy Fighter on Nov 20, 2015.
             Slain by a mummy (4 damage)
             ... in an ossuary.
             The game lasted 00:03:48 (2270 turns).

inmateoo the Slasher (Mummy Fighter)                Turns: 2270, Time: 00:03:48

Health: -2/41      AC: 10    Str: 21    XL:     5   Next: 21%
Magic:  5/5        EV:  7    Int:  7    God:
Gold:   6          SH:  9    Dex: 11    Spells: 0 memorised, 4 levels left

rFire  . . .     SeeInvis .     a - +2 long sword
rCold  + . .     Clarity  .     b - +0 scale mail
rNeg   + + +     SustAt   .     c - +0 shield
rPois  ∞         Gourm    .     (no helmet)
rElec  .         Spirit   .     h - +2 cloak
rCorr  .         Warding  .     (no gloves)
rMut   .         Stasis   .     k - +0 pair of boots {Stlth+}
MR     .....                    (no amulet)
Stlth  +.........               (no ring)
                                i - ring of protection from fire

@: not resistant to hostile enchantments, very unstealthy
A: no food or potions, fire vulnerability, cold resistance 1, negative energy
resistance 3, torment resistance, unbreathing
a: no special abilities


You were in an ossuary.
You were not hungry.

You visited 1 branch of the dungeon, and saw 4 of its levels.
You also visited: Ossuary.

You collected 114 gold pieces.
You spent 108 gold pieces at shops.

Inventory:

Hand Weapons
 a - a +2 long sword (weapon)
Armour
 b - a +0 scale mail (worn)
 c - a +0 shield (worn)
 h - a +2 cloak (worn)
 k - a +0 pair of boots of stealth (worn)
Jewellery
 i - a ring of protection from fire (left hand)
Scrolls
 d - 2 scrolls of identify
 e - a scroll of blinking
 g - 2 scrolls of remove curse


   Skills:
 - Level 3.0 Fighting
 + Level 4.5 Long Blades
 - Level 2.4 Armour
 - Level 2.4 Shields


You had 4 spell levels left.
You didn't know any spells.

Dungeon Overview and Level Annotations

Branches:
Dungeon (4/15)
 Temple: D:4-7

Altars:
Ashenzari
Xom
The Shining One

Shops:
D:4 [


Innate Abilities, Weirdness & Mutations

You do not eat or drink.
Your flesh is vulnerable to fire.
You are immune to poison.
Your flesh is cold resistant.
You are immune to negative energy.
You are immune to unholy pain and torment.
You can survive without breathing.


Message History

The mummy is severely damaged.
You hit the mummy.
The mummy is almost destroyed.
The mummy hits you but does no damage.
Your shield and scale mail prevent you from hitting the mummy.
The mummy is almost destroyed.
You block the mummy's attack. x2
You slash the mummy!
You destroy the mummy!
You hit the mummy.
The mummy is lightly damaged.
The mummy hits you.
You hit the mummy.
The mummy is moderately damaged.
The mummy hits you!
* * * LOW HITPOINT WARNING * * *
Your shield and scale mail prevent you from hitting the mummy.
The mummy is moderately damaged.
The mummy hits you.
You die...

##########
.......@.#
####..M...#
##......#
....##....##.....#
................#
..............##
Z.......Z...##
........##+#
.MZ...#


You could see a mummy and a kobold zombie.

Vanquished Creatures
  2 mummies (Ossuary)
  2 adders
  4 gnolls
  An adder skeleton (D:4)
  4 worms (D:2)
  4 giant geckos
  4 giant cockroaches
  6 goblins
  11 hobgoblins
  4 jackals
  A ball python (D:3)
  7 bats
  3 giant newts
  A gnoll zombie (Ossuary)
  A hobgoblin zombie (Ossuary)
  6 kobolds
  A kobold zombie (Ossuary)
  2 orc zombies (Ossuary)
  7 rats
71 creatures vanquished.

Notes
Turn   | Place    | Note
--------------------------------------------------------------
     0 | D:1      | inmateoo the Mummy Fighter began the quest for the Orb.
     0 | D:1      | Reached XP level 1. HP: 18/18 MP: 1/1
   243 | D:1      | Found a shimmering altar of Xom.
   262 | D:1      | Reached XP level 2. HP: 18/24 MP: 2/2
   853 | D:1      | Reached XP level 3. HP: 29/29 MP: 3/3
  1294 | D:2      | Reached XP level 4. HP: 33/35 MP: 4/4
  1634 | D:2      | Reached skill level 4 in Long Blades
  1690 | D:2      | Found a shattered altar of Ashenzari.
  1948 | D:3      | Found a glowing golden altar of the Shining One.
  2119 | D:4      | Found Tuch's Antique Armour Emporium.
  2142 | D:4      | Found a sand-covered staircase.
  2155 | D:4      | Reached XP level 5. HP: 29/41 MP: 5/5
  2158 | D:4      | Bought a pair of glowing boots for 108 gold pieces
  2226 | Ossuary  | Entered an ossuary
  2269 | Ossuary  | HP: 2/41 [mummy (11)]
  2270 | Ossuary  | Slain by a mummy

Action                   |  1- 3 |  4- 6 || total
-------------------------+-------+-------++-------
Melee: Long sword        |   150 |    92 ||   242
  Use: Scroll            |     6 |     6 ||    12
